| Goals | Penalties |
1. Kings , Brett Leason 1 (Braden Schneider 2, Dougie Hamilton 1) at 16:13
|
Brandon Montour (WPG) for Delaying the game (Minor) at 1:08 Garnet Hathaway (WPG) for Tripping (Minor) at 9:06 Tyler Kleven (WPG) for High sticking (Minor) at 17:18
|
2. Jets , Roope Hintz 1 (Tyler Kleven 1) at 14:41
|
Tyler Kleven (WPG) for Delaying the game (Minor) at 19:59
|
3. Kings , Nathan MacKinnon 1 (Mitch Marner 1) at 0:09 (PP)
4. Kings , Nathan MacKinnon 2 (Dougie Hamilton 2, Mitch Marner 2) at 1:29
5. Kings , Alex Ovechkin 1 (Mitch Marner 3, Nathan MacKinnon 3) at 2:44
|
Ian Cole (LAK) for Interference (Minor) at 3:15 Travis Sanheim (LAK) for Tripping (Minor) at 6:04 Mitch Marner (LAK) for Hooking (Minor) at 11:27 Jordan Greenway (WPG) for Holding (Minor) at 14:34 Evander Kane (WPG) for Tripping (Minor) at 15:23
|
|
Spencer Knight (LAK), 21 saves from 22 shots - (0.955), W, 2-0-0, 60:00 minutes
Juuse Saros (WPG), 3 saves from 3 shots - (1.000), 17:16 minutes Joel Blomqvist (WPG), 8 saves from 12 shots - (0.667), L, 0-2-0, 42:44 minutes
|
|
1 - Nathan MacKinnon (LAK)
2 - Alex Ovechkin (LAK)
3 - Mitch Marner (LAK)
|
Referees : Dean Morton and Ghislain Hebert
Linesman : Kelsey Mahoney and Jonny Murray
|
|
Juuse Saros enters game at 2:44 of 3rd period
|
|
Level 1 -- Attendance: 5977 (99.62%) -- Ticket Income $896,550
Level 2 -- Attendance: 5000 (100.00%) -- Ticket Income $520,000
Level 3 -- Attendance: 4000 (100.00%) -- Ticket Income $284,000
Level 4 -- Attendance: 3000 (100.00%) -- Ticket Income $150,000
Luxury Box -- Attendance: 916 (91.60%) -- Ticket Income $227,168
Game was played at the MTS Center.
Total Attendance: 18893 (99.44%)
Total Ticket Income: $2,077,718
Other Income: $103,886
Total Income: $2,181,604
|
| Team Name |
Goals |
Shots |
Shots Attemp |
Shots Blocked |
PIM |
HIT |
PP |
PK |
FO% |
| Kings |
4 | 15 | 47 | 8 | 6 | 11 | 1 / 6 (17%) | 0 | 59% |
| Jets |
1 | 22 | 50 | 12 | 12 | 33 | 0 / 3 (0%) | 1 | 41% |
Kings
Jets
Kings
| 5 vs 5 Forward |
|---|
| Line # | Left Wing | Center | Right Wing | PHY | DF | OF | Wanted % | Time % | Time Play |
| 1 | Alex Ovechkin | Nathan MacKinnon | Mitch Marner | 0 | 2 | 3 | 40 | 35% | 15:42
|
| 2 | Jordan Staal | Anthony Cirelli | Jake DeBrusk | 1 | 2 | 2 | 30 | 28% | 12:43
|
| 3 | Brett Howden | Nicolas Roy | Philip Tomasino | 1 | 2 | 2 | 20 | 20% | 8:55
|
| 4 | John Beecher | Carl Grundstrom | Brett Leason | 1 | 2 | 2 | 10 | 17% | 7:48
|
| 5 vs 5 Defense |
|---|
| Line # | Defense | Defense | | PHY | DF | OF | Wanted % | Time % | Time Play |
| 1 | Travis Sanheim | Ian Cole | | 1 | 2 | 2 | 40 | 35% | 15:55
|
| 2 | Dougie Hamilton | Braden Schneider | | 1 | 2 | 2 | 35 | 36% | 16:13
|
| 3 | Timothy Liljegren | Arber Xhekaj | | 1 | 3 | 1 | 25 | 29% | 13:00
|
| 4 | Travis Sanheim | Ian Cole | | 1 | 2 | 2 | 0 | 0% | 0:00
|
| Power Play Forward |
|---|
| Line # | Left Wing | Center | Right Wing | PHY | DF | OF | Wanted % | Time % | Time Play |
| 1 | Alex Ovechkin | Nathan MacKinnon | Mitch Marner | 0 | 0 | 5 | 60 | 54% | 4:49
|
| 2 | Jordan Staal | Anthony Cirelli | Jake DeBrusk | 0 | 0 | 5 | 40 | 46% | 4:06
|
| Power Play Defense |
|---|
| Line # | Defense | Defense | | PHY | DF | OF | Wanted % | Time % | Time Play |
| 1 | Travis Sanheim | Dougie Hamilton | | 0 | 2 | 3 | 60 | 55% | 4:54
|
| 2 | Timothy Liljegren | Braden Schneider | | 0 | 2 | 3 | 40 | 45% | 4:01
|
| Penalty Kill 4 Players Forward |
|---|
| Line # | Center | Wing | PHY | DF | OF | Wanted % | Time % | Time Play |
| 1 | Anthony Cirelli | Nicolas Roy | 1 | 3 | 1 | 60 | 77% | 4:36
|
| 2 | Jordan Staal | Mitch Marner | 1 | 3 | 1 | 40 | 23% | 1:21
|
| Penalty Kill 4 Players Defense |
|---|
| Line # | Defense | Defense | PHY | DF | OF | Wanted % | Time % | Time Play |
| 1 | Travis Sanheim | Ian Cole | 1 | 4 | 0 | 60 | 82% | 4:51
|
| 2 | Arber Xhekaj | Braden Schneider | 1 | 4 | 0 | 40 | 18% | 1:06
|
| Penalty Kill 3 Players |
|---|
| Line # | Wing | PHY | DF | OF | Wanted % | Time % | Time Play | Defense | Defense | PHY | DF | OF | Wanted % | Time % | Time Play |
| 1 | Jordan Staal | 0 | 5 | 0 | 60 | 0% | 0:00
| Travis Sanheim | Ian Cole | 0 | 5 | 0 | 60 | 0% | 0:00
|
| 2 | Anthony Cirelli | 0 | 5 | 0 | 40 | 0% | 0:00
| Dougie Hamilton | Braden Schneider | 0 | 5 | 0 | 40 | 0% | 0:00
|
| 4 vs 4 Forward |
|---|
| Line # | Center | Wing | PHY | DF | OF | Wanted % | Time % | Time Play |
| 1 | Nathan MacKinnon | Mitch Marner | 0 | 2 | 3 | 60 | 0% | 0:00
|
| 2 | Anthony Cirelli | Alex Ovechkin | 0 | 2 | 3 | 40 | 0% | 0:00
|
| 4 vs 4 Defense |
|---|
| Line # | Defense | | PHY | DF | OF | Wanted % | Time % | Time Play |
| 1 | Travis Sanheim | Ian Cole | 1 | 2 | 2 | 60 | 0% | 0:00
|
| 2 | Dougie Hamilton | Braden Schneider | 1 | 2 | 2 | 40 | 0% | 0:00
|
| Last Minutes Offensive |
|---|
| Left Wing | Center | Right Wing | Defense | Defense |
| Alex Ovechkin | Nathan MacKinnon | Mitch Marner | Travis Sanheim | Ian Cole |
| Last Minutes Defensive |
|---|
| Left Wing | Center | Right Wing | Defense | Defense |
| Jordan Staal | Anthony Cirelli | Mitch Marner | Travis Sanheim | Ian Cole |
| Time |
|---|
| Total Forward | Total Defense | Last Minutes Offensive | Last Minutes Defensive |
| 60:00 |
60:00 |
0:00 | 0:00 |
| Extra Forwards |
|---|
| Normal | PowerPlay | Penalty Kill |
|
Mitch Marner, Nicolas Roy, Brett Howden | Anthony Cirelli, Nicolas Roy | Brett Howden |
| Extra Defensemen |
|---|
| Normal | PowerPlay | Penalty Kill |
|
Timothy Liljegren, Arber Xhekaj, Dougie Hamilton | Timothy Liljegren, Arber Xhekaj | Dougie Hamilton |
| Penalty Shots |
|---|
|
Nathan MacKinnon, Mitch Marner, Alex Ovechkin, Anthony Cirelli, Jordan Staal |
| Goalie |
|---|
| Spencer Knight, Calvin Pickard |
| Custom OT Lines Forwards |
|---|
|
Nathan MacKinnon, Mitch Marner, Alex Ovechkin, Anthony Cirelli, Jordan Staal, Jake DeBrusk, Nicolas Roy, Brett Howden, Brett Leason, Philip Tomasino |
| Custom OT Lines Defensemen |
|---|
|
Travis Sanheim, Ian Cole, Dougie Hamilton, Braden Schneider, Timothy Liljegren |
| Scratches |
|---|
|
Aatu Raty (Healthy), Klim Kostin (Healthy), Nick Cousins (Healthy) |
Jets
| 5 vs 5 Forward |
|---|
| Line # | Left Wing | Center | Right Wing | PHY | DF | OF | Wanted % | Time % | Time Play |
| 1 | Roope Hintz | Sebastian Aho | Evander Kane | 0 | 1 | 4 | 40 | 35% | 15:42
|
| 2 | Jordan Greenway | Mikael Granlund | Jordan Eberle | 0 | 2 | 3 | 30 | 26% | 11:36
|
| 3 | Garnet Hathaway | Ivan Barbashev | Ilya Mikheyev | 1 | 2 | 2 | 20 | 23% | 10:27
|
| 4 | Matias Maccelli | Joona Koppanen | Keegan Kolesar | 1 | 2 | 2 | 10 | 16% | 7:23
|
| 5 vs 5 Defense |
|---|
| Line # | Defense | Defense | | PHY | DF | OF | Wanted % | Time % | Time Play |
| 1 | Brandon Montour | Adam Pelech | | 1 | 2 | 2 | 40 | 38% | 17:13
|
| 2 | Tyler Kleven | Miro Heiskanen | | 1 | 2 | 2 | 30 | 34% | 15:15
|
| 3 | Juuso Valimaki | Nate Schmidt | | 1 | 2 | 2 | 20 | 23% | 10:15
|
| 4 | Brandon Montour | Miro Heiskanen | | 1 | 2 | 2 | 10 | 5% | 2:25
|
| Power Play Forward |
|---|
| Line # | Left Wing | Center | Right Wing | PHY | DF | OF | Wanted % | Time % | Time Play |
| 1 | Roope Hintz | Sebastian Aho | Mikael Granlund | 0 | 2 | 3 | 60 | 55% | 3:16
|
| 2 | Matias Maccelli | Evander Kane | Jordan Eberle | 0 | 2 | 3 | 40 | 45% | 2:41
|
| Power Play Defense |
|---|
| Line # | Defense | Defense | | PHY | DF | OF | Wanted % | Time % | Time Play |
| 1 | Brandon Montour | Miro Heiskanen | | 0 | 2 | 3 | 60 | 57% | 3:22
|
| 2 | Juuso Valimaki | Nate Schmidt | | 0 | 2 | 3 | 40 | 43% | 2:35
|
| Penalty Kill 4 Players Forward |
|---|
| Line # | Center | Wing | PHY | DF | OF | Wanted % | Time % | Time Play |
| 1 | Keegan Kolesar | Jordan Greenway | 1 | 2 | 2 | 60 | 73% | 5:41
|
| 2 | Joona Koppanen | Ilya Mikheyev | 1 | 2 | 2 | 40 | 27% | 2:04
|
| Penalty Kill 4 Players Defense |
|---|
| Line # | Defense | Defense | PHY | DF | OF | Wanted % | Time % | Time Play |
| 1 | Adam Pelech | Juuso Valimaki | 1 | 2 | 2 | 60 | 51% | 3:59
|
| 2 | Miro Heiskanen | Nate Schmidt | 1 | 2 | 2 | 40 | 49% | 3:46
|
| Penalty Kill 3 Players |
|---|
| Line # | Wing | PHY | DF | OF | Wanted % | Time % | Time Play | Defense | Defense | PHY | DF | OF | Wanted % | Time % | Time Play |
| 1 | Jordan Greenway | 1 | 2 | 2 | 60 | 100% | 1:10
| Adam Pelech | Juuso Valimaki | 1 | 2 | 2 | 60 | 41% | 0:29
|
| 2 | Keegan Kolesar | 1 | 2 | 2 | 40 | 0% | 0:00
| Miro Heiskanen | Nate Schmidt | 1 | 2 | 2 | 40 | 59% | 0:41
|
| 4 vs 4 Forward |
|---|
| Line # | Center | Wing | PHY | DF | OF | Wanted % | Time % | Time Play |
| 1 | Ivan Barbashev | Evander Kane | 1 | 2 | 2 | 60 | 0% | 0:00
|
| 2 | Sebastian Aho | Mikael Granlund | 1 | 2 | 2 | 40 | 0% | 0:00
|
| 4 vs 4 Defense |
|---|
| Line # | Defense | | PHY | DF | OF | Wanted % | Time % | Time Play |
| 1 | Brandon Montour | Miro Heiskanen | 1 | 2 | 2 | 60 | 0% | 0:00
|
| 2 | Adam Pelech | Tyler Kleven | 1 | 2 | 2 | 40 | 0% | 0:00
|
| Last Minutes Offensive |
|---|
| Left Wing | Center | Right Wing | Defense | Defense |
| Roope Hintz | Sebastian Aho | Mikael Granlund | Miro Heiskanen | Brandon Montour |
| Last Minutes Defensive |
|---|
| Left Wing | Center | Right Wing | Defense | Defense |
| Jordan Greenway | Mikael Granlund | Ilya Mikheyev | Adam Pelech | Juuso Valimaki |
| Time |
|---|
| Total Forward | Total Defense | Last Minutes Offensive | Last Minutes Defensive |
| 60:00 |
60:00 |
0:00 | 0:00 |
| Extra Forwards |
|---|
| Normal | PowerPlay | Penalty Kill |
|
Sebastian Aho, Mikael Granlund, Ivan Barbashev | Ivan Barbashev, Keegan Kolesar | Sebastian Aho |
| Extra Defensemen |
|---|
| Normal | PowerPlay | Penalty Kill |
|
Miro Heiskanen, Brandon Montour, Adam Pelech | Adam Pelech, Brandon Montour | Nate Schmidt |
| Penalty Shots |
|---|
|
Brandon Montour, Mikael Granlund, Jordan Eberle, Sebastian Aho, Miro Heiskanen |
| Goalie |
|---|
| Joel Blomqvist, Juuse Saros |
| Custom OT Lines Forwards |
|---|
|
Ivan Barbashev, Evander Kane, Mikael Granlund, Sebastian Aho, Jordan Eberle, Ilya Mikheyev, Roope Hintz, Keegan Kolesar, Jordan Greenway, Matias Maccelli |
| Custom OT Lines Defensemen |
|---|
|
Miro Heiskanen, Brandon Montour, Adam Pelech, Tyler Kleven, Juuso Valimaki |
| Scratches |
|---|
|
Eetu Luostarinen (Healthy), Daniil Miromanov (Healthy) |
Play-by-Play
1st period
0:01 of 1st period - Sebastian Aho wins face-off versus Nathan MacKinnon in neutral zone.
0:26 of 1st period - Shot by Nathan MacKinnon.
0:26 of 1st period - Stopped by Joel Blomqvist with a rebound.
1:08 of 1st period - Minor Penalty to Brandon Montour for Delaying the game.
1:09 of 1st period - Anthony Cirelli wins face-off versus Keegan Kolesar in Jets zone.
1:09 of 1st period - Jordan Staal is hit by Miro Heiskanen and loses puck.
1:36 of 1st period - Shot by Timothy Liljegren.
1:36 of 1st period - Stopped by Joel Blomqvist without a rebound.
1:37 of 1st period - Nathan MacKinnon wins face-off versus Keegan Kolesar in Jets zone.
1:53 of 1st period - Icing by Alex Ovechkin.
1:54 of 1st period - Nathan MacKinnon wins face-off versus Keegan Kolesar in Kings zone.
2:20 of 1st period - Icing by Travis Sanheim.
2:21 of 1st period - Joona Koppanen wins face-off versus Nathan MacKinnon in Kings zone.
3:16 of 1st period - Shot by Nicolas Roy.
3:16 of 1st period - Shot Misses the Net.
3:18 of 1st period - Shot by Arber Xhekaj.
3:18 of 1st period - Stopped by Joel Blomqvist without a rebound.
3:19 of 1st period - Carl Grundstrom wins face-off versus Ivan Barbashev in Jets zone.
4:09 of 1st period - Icing by Adam Pelech.
4:10 of 1st period - Anthony Cirelli wins face-off versus Mikael Granlund in Jets zone.
4:23 of 1st period - Icing by Braden Schneider.
4:24 of 1st period - Anthony Cirelli wins face-off versus Joona Koppanen in Kings zone.
4:29 of 1st period - Shot by Jake DeBrusk.
4:29 of 1st period - Shot Misses the Net.
4:31 of 1st period - Shot by Jake DeBrusk.
4:31 of 1st period - Shot Blocked by Keegan Kolesar.
4:33 of 1st period - Shot by Braden Schneider.
4:33 of 1st period - Shot Blocked by Miro Heiskanen.
5:17 of 1st period - Shot by Mitch Marner.
5:17 of 1st period - Shot Blocked by Miro Heiskanen.
5:19 of 1st period - Shot by Arber Xhekaj.
5:19 of 1st period - Shot Misses the Net.
7:26 of 1st period - Evander Kane is hit by Braden Schneider and loses puck.
7:39 of 1st period - Shot by Jake DeBrusk.
7:39 of 1st period - Shot Misses the Net.
8:12 of 1st period - Icing by Jordan Staal.
8:13 of 1st period - Jake DeBrusk wins face-off versus Ivan Barbashev in Kings zone.
8:19 of 1st period - Braden Schneider is hit by Brandon Montour and loses puck.
8:23 of 1st period - Icing by Brandon Montour.
8:24 of 1st period - Carl Grundstrom wins face-off versus Ivan Barbashev in Jets zone.
8:24 of 1st period - Brett Leason is hit by Adam Pelech and loses puck.
8:34 of 1st period - Ilya Mikheyev is hit by Ian Cole and loses puck.
8:52 of 1st period - Travis Sanheim is hit by Adam Pelech and loses puck.
9:04 of 1st period - Travis Sanheim is hit by Garnet Hathaway and loses puck.
9:06 of 1st period - Minor Penalty to Garnet Hathaway for Tripping.
9:07 of 1st period - Nathan MacKinnon wins face-off versus Keegan Kolesar in Jets zone.
9:12 of 1st period - Shot by Alex Ovechkin.
9:12 of 1st period - Shot Misses the Net.
10:12 of 1st period - Shot by Anthony Cirelli.
10:12 of 1st period - Shot Misses the Net.
10:14 of 1st period - Shot by Travis Sanheim.
10:14 of 1st period - Shot Misses the Net.
10:16 of 1st period - Shot by Anthony Cirelli.
10:16 of 1st period - Stopped by Joel Blomqvist without a rebound.
10:17 of 1st period - Keegan Kolesar wins face-off versus Alex Ovechkin in Jets zone.
10:17 of 1st period - Keegan Kolesar is hit by Alex Ovechkin.
11:01 of 1st period - Shot by Timothy Liljegren.
11:01 of 1st period - Shot Blocked by Juuso Valimaki.
11:03 of 1st period - Shot by Jordan Staal.
11:03 of 1st period - Shot Blocked by Brandon Montour.
11:05 of 1st period - Shot by Timothy Liljegren.
11:05 of 1st period - Shot Misses the Net.
11:15 of 1st period - Shot by Sebastian Aho.
11:15 of 1st period - Stopped by Spencer Knight without a rebound.
11:16 of 1st period - Ilya Mikheyev wins face-off versus Carl Grundstrom in Kings zone.
11:29 of 1st period - Miro Heiskanen is hit by Carl Grundstrom and loses puck.
11:43 of 1st period - John Beecher is hit by Tyler Kleven and loses puck.
12:07 of 1st period - Ian Cole is hit by Evander Kane.
12:18 of 1st period - Shot by Roope Hintz.
12:18 of 1st period - Shot Misses the Net.
12:20 of 1st period - Shot by Adam Pelech.
12:20 of 1st period - Shot Blocked by Ian Cole.
12:34 of 1st period - Shot by Roope Hintz.
12:34 of 1st period - Deflect By Sebastian Aho.
12:34 of 1st period - Shot Misses the Net.
12:36 of 1st period - Shot by Brandon Montour.
12:36 of 1st period - Shot Misses the Net.
12:38 of 1st period - Shot by Sebastian Aho.
12:38 of 1st period - Deflect By Roope Hintz.
12:38 of 1st period - Shot Misses the Net.
12:40 of 1st period - Shot by Adam Pelech.
12:40 of 1st period - Shot Misses the Net.
12:42 of 1st period - Shot by Sebastian Aho.
12:42 of 1st period - Shot Blocked by Ian Cole.
13:56 of 1st period - Mitch Marner is hit by Tyler Kleven and loses puck.
14:01 of 1st period - Shot by Nathan MacKinnon.
14:01 of 1st period - Shot Misses the Net.
14:29 of 1st period - Shot by Ilya Mikheyev.
14:29 of 1st period - Deflect By Garnet Hathaway.
14:29 of 1st period - Stopped by Spencer Knight without a rebound.
14:30 of 1st period - Anthony Cirelli wins face-off versus Evander Kane in Kings zone.
15:22 of 1st period - Icing by Dougie Hamilton.
15:23 of 1st period - Ivan Barbashev wins face-off versus Carl Grundstrom in Kings zone.
15:34 of 1st period - Shot by Ilya Mikheyev.
15:34 of 1st period - Stopped by Spencer Knight without a rebound.
15:35 of 1st period - Nathan MacKinnon wins face-off versus Joona Koppanen in Kings zone.
15:35 of 1st period - Mitch Marner is hit by Keegan Kolesar and loses puck.
15:46 of 1st period - Shot by Keegan Kolesar.
15:46 of 1st period - Stopped by Spencer Knight with a rebound.
15:48 of 1st period - Shot by Matias Maccelli.
15:48 of 1st period - Shot Misses the Net.
15:50 of 1st period - Shot by Nate Schmidt.
15:50 of 1st period - Stopped by Spencer Knight without a rebound.
15:51 of 1st period - Mikael Granlund wins face-off versus Carl Grundstrom in Kings zone.
15:52 of 1st period - Shot by Tyler Kleven.
15:52 of 1st period - Shot Misses the Net.
16:00 of 1st period - Jordan Greenway is hit by Carl Grundstrom and loses puck.
16:13 of 1st period - Shot by Brett Leason.
16:13 of 1st period - Goal by Brett Leason - Kings : 1 - Jets : 0.
16:14 of 1st period - Jake DeBrusk wins face-off versus Sebastian Aho in neutral zone.
16:46 of 1st period - Roope Hintz is hit by Anthony Cirelli and loses puck.
16:52 of 1st period - Icing by Adam Pelech.
16:53 of 1st period - Sebastian Aho wins face-off versus Nathan MacKinnon in Jets zone.
17:10 of 1st period - Icing by Mitch Marner.
17:11 of 1st period - Nathan MacKinnon wins face-off versus Mikael Granlund in Kings zone.
17:11 of 1st period - Nathan MacKinnon is hit by Jordan Greenway.
17:18 of 1st period - Minor Penalty to Tyler Kleven for High sticking.
17:19 of 1st period - Keegan Kolesar wins face-off versus Anthony Cirelli in Jets zone.
18:37 of 1st period - Shot by Braden Schneider.
18:37 of 1st period - Shot Misses the Net.
19:10 of 1st period - Icing by Travis Sanheim.
19:11 of 1st period - Anthony Cirelli wins face-off versus Keegan Kolesar in Kings zone.
19:22 of 1st period - Shot by Jake DeBrusk.
19:22 of 1st period - Stopped by Joel Blomqvist without a rebound.
19:23 of 1st period - Sebastian Aho wins face-off versus Nicolas Roy in Jets zone.
19:29 of 1st period - Brandon Montour is hit by Arber Xhekaj and loses puck.
19:44 of 1st period - Shot by Nicolas Roy.
19:44 of 1st period - Shot Misses the Net.
19:46 of 1st period - Shot by Timothy Liljegren.
19:46 of 1st period - Stopped by Joel Blomqvist without a rebound.
19:47 of 1st period - Nathan MacKinnon wins face-off versus Ivan Barbashev in Jets zone.
Goals for this period are 1 for Kings vs 0 for Jets.
Shots for this period are 7 for Kings vs 5 for Jets.
2nd period
0:01 of 2nd period - Mikael Granlund wins face-off versus Nathan MacKinnon in neutral zone.
0:10 of 2nd period - Shot by Jordan Greenway.
0:10 of 2nd period - Shot Misses the Net.
0:16 of 2nd period - Braden Schneider is hit by Jordan Greenway and loses puck.
0:57 of 2nd period - Alex Ovechkin is hit by Adam Pelech and loses puck.
1:57 of 2nd period - Shot by Ilya Mikheyev.
1:57 of 2nd period - Shot Misses the Net.
3:12 of 2nd period - Shot by Jordan Eberle.
3:12 of 2nd period - Stopped by Spencer Knight with a rebound.
3:26 of 2nd period - Shot by Mikael Granlund.
3:26 of 2nd period - Shot Misses the Net.
3:32 of 2nd period - Shot by Brandon Montour.
3:32 of 2nd period - Shot Misses the Net.
3:46 of 2nd period - Jake DeBrusk is hit by Roope Hintz and loses puck.
4:46 of 2nd period - Travis Sanheim is hit by Tyler Kleven and loses puck.
5:09 of 2nd period - Shot by Alex Ovechkin.
5:09 of 2nd period - Shot Hit the Post.
5:20 of 2nd period - Icing by Braden Schneider.
5:21 of 2nd period - Nathan MacKinnon wins face-off versus Mikael Granlund in Kings zone.
5:21 of 2nd period - Nathan MacKinnon is hit by Jordan Greenway.
5:39 of 2nd period - Shot by Jordan Eberle.
5:39 of 2nd period - Stopped by Spencer Knight without a rebound.
5:40 of 2nd period - Sebastian Aho wins face-off versus Nicolas Roy in Kings zone.
6:28 of 2nd period - Icing by Timothy Liljegren.
6:29 of 2nd period - Brett Howden wins face-off versus Mikael Granlund in Kings zone.
6:50 of 2nd period - Shot by Nathan MacKinnon.
6:50 of 2nd period - Shot Blocked by Nate Schmidt.
7:22 of 2nd period - Shot by Ilya Mikheyev.
7:22 of 2nd period - Stopped by Spencer Knight without a rebound.
7:23 of 2nd period - Joona Koppanen wins face-off versus Brett Leason in Kings zone.
7:40 of 2nd period - Shot by John Beecher.
7:40 of 2nd period - Shot Misses the Net.
7:47 of 2nd period - Carl Grundstrom is hit by Tyler Kleven and loses puck.
7:52 of 2nd period - Shot by Carl Grundstrom.
7:52 of 2nd period - Shot Misses the Net.
8:44 of 2nd period - Shot by Nathan MacKinnon.
8:44 of 2nd period - Shot Blocked by Tyler Kleven.
8:46 of 2nd period - Shot by Mitch Marner.
8:46 of 2nd period - Shot Blocked by Tyler Kleven.
8:48 of 2nd period - Shot by Timothy Liljegren.
8:48 of 2nd period - Shot Misses the Net.
8:58 of 2nd period - Shot by Alex Ovechkin.
8:58 of 2nd period - Shot Misses the Net.
9:24 of 2nd period - Arber Xhekaj is hit by Evander Kane and loses puck.
10:28 of 2nd period - Icing by Juuso Valimaki.
10:29 of 2nd period - Mikael Granlund wins face-off versus Alex Ovechkin in Jets zone.
10:43 of 2nd period - Alex Ovechkin is hit by Nate Schmidt and loses puck.
11:34 of 2nd period - Off-side.
11:35 of 2nd period - Nicolas Roy wins face-off versus Garnet Hathaway in neutral zone.
12:00 of 2nd period - Shot by Garnet Hathaway.
12:00 of 2nd period - Deflect By Ivan Barbashev.
12:00 of 2nd period - Stopped by Spencer Knight without a rebound.
12:01 of 2nd period - Sebastian Aho wins face-off versus Carl Grundstrom in Kings zone.
12:16 of 2nd period - Braden Schneider is hit by Evander Kane and loses puck.
14:15 of 2nd period - Off-side.
14:16 of 2nd period - Nathan MacKinnon wins face-off versus Sebastian Aho in neutral zone.
14:21 of 2nd period - Shot by Alex Ovechkin.
14:21 of 2nd period - Stopped by Joel Blomqvist without a rebound.
14:22 of 2nd period - Nathan MacKinnon wins face-off versus Sebastian Aho in Jets zone.
14:31 of 2nd period - Shot by Miro Heiskanen.
14:31 of 2nd period - Stopped by Spencer Knight with a rebound.
14:41 of 2nd period - Shot by Roope Hintz.
14:41 of 2nd period - Goal by Roope Hintz - Kings : 1 - Jets : 1.
14:42 of 2nd period - Ivan Barbashev wins face-off versus Nicolas Roy in neutral zone.
14:47 of 2nd period - Shot by Ivan Barbashev.
14:47 of 2nd period - Stopped by Spencer Knight without a rebound.
14:48 of 2nd period - Mikael Granlund wins face-off versus Nathan MacKinnon in Kings zone.
15:21 of 2nd period - Shot by Brandon Montour.
15:21 of 2nd period - Shot Blocked by Dougie Hamilton.
16:12 of 2nd period - Icing by Braden Schneider.
16:13 of 2nd period - Ivan Barbashev wins face-off versus Nathan MacKinnon in Kings zone.
16:16 of 2nd period - Shot by Ivan Barbashev.
16:16 of 2nd period - Shot Misses the Net.
16:26 of 2nd period - Shot by Ilya Mikheyev.
16:26 of 2nd period - Shot Blocked by Nathan MacKinnon.
16:29 of 2nd period - Icing by Nathan MacKinnon.
16:30 of 2nd period - Nathan MacKinnon wins face-off versus Joona Koppanen in Kings zone.
17:21 of 2nd period - Roope Hintz is hit by Brett Howden and loses puck.
17:33 of 2nd period - Icing by Anthony Cirelli.
17:34 of 2nd period - Jordan Staal wins face-off versus Mikael Granlund in Kings zone.
17:53 of 2nd period - Shot by Jordan Staal.
17:53 of 2nd period - Stopped by Joel Blomqvist without a rebound.
17:54 of 2nd period - Carl Grundstrom wins face-off versus Sebastian Aho in Jets zone.
18:11 of 2nd period - Shot by Sebastian Aho.
18:11 of 2nd period - Stopped by Spencer Knight without a rebound.
18:12 of 2nd period - Anthony Cirelli wins face-off versus Mikael Granlund in Kings zone.
19:02 of 2nd period - Jake DeBrusk is hit by Tyler Kleven and loses puck.
19:18 of 2nd period - Icing by Tyler Kleven.
19:19 of 2nd period - Sebastian Aho wins face-off versus Nathan MacKinnon in Jets zone.
19:26 of 2nd period - Icing by Tyler Kleven.
19:27 of 2nd period - Roope Hintz wins face-off versus Mitch Marner in Jets zone.
19:50 of 2nd period - Shot by Sebastian Aho.
19:50 of 2nd period - Shot Misses the Net.
19:59 of 2nd period - Minor Penalty to Tyler Kleven for Delaying the game.
Goals for this period are 0 for Kings vs 1 for Jets.
Shots for this period are 2 for Kings vs 8 for Jets.
3rd period
0:01 of 3rd period - Nathan MacKinnon wins face-off versus Keegan Kolesar in neutral zone.
0:01 of 3rd period - Nathan MacKinnon is hit by Jordan Greenway.
0:09 of 3rd period - Shot by Nathan MacKinnon.
0:09 of 3rd period - Goal by Nathan MacKinnon - Kings : 2 - Jets : 1.
0:10 of 3rd period - Sebastian Aho wins face-off versus Nicolas Roy in neutral zone.
0:19 of 3rd period - Brett Howden is hit by Brandon Montour and loses puck.
1:29 of 3rd period - Shot by Nathan MacKinnon.
1:29 of 3rd period - Goal by Nathan MacKinnon - Kings : 3 - Jets : 1.
1:30 of 3rd period - Anthony Cirelli wins face-off versus Ivan Barbashev in neutral zone.
1:39 of 3rd period - Anthony Cirelli is hit by Garnet Hathaway and loses puck.
1:52 of 3rd period - Icing by Anthony Cirelli.
1:53 of 3rd period - Anthony Cirelli wins face-off versus Joona Koppanen in Kings zone.
1:55 of 3rd period - Icing by Jordan Staal.
1:56 of 3rd period - Sebastian Aho wins face-off versus Jordan Staal in Kings zone.
2:00 of 3rd period - Icing by Timothy Liljegren.
2:01 of 3rd period - Anthony Cirelli wins face-off versus Sebastian Aho in Kings zone.
2:01 of 3rd period - Anthony Cirelli is hit by Sebastian Aho.
2:06 of 3rd period - Jake DeBrusk is hit by Evander Kane.
2:29 of 3rd period - Off-side.
2:30 of 3rd period - Nathan MacKinnon wins face-off versus Mikael Granlund in neutral zone.
2:44 of 3rd period - Shot by Alex Ovechkin.
2:44 of 3rd period - Goal by Alex Ovechkin - Kings : 4 - Jets : 1.
2:44 of 3rd period - Juuse Saros enters game.
2:45 of 3rd period - Ivan Barbashev wins face-off versus Nicolas Roy in neutral zone.
2:58 of 3rd period - Shot by Brett Howden.
2:58 of 3rd period - Shot Misses the Net.
3:08 of 3rd period - Shot by Ilya Mikheyev.
3:08 of 3rd period - Stopped by Spencer Knight without a rebound.
3:09 of 3rd period - Sebastian Aho wins face-off versus Mitch Marner in Kings zone.
3:09 of 3rd period - Adam Pelech is hit by Ian Cole and loses puck.
3:15 of 3rd period - Minor Penalty to Ian Cole for Interference.
3:16 of 3rd period - Anthony Cirelli wins face-off versus Sebastian Aho in Kings zone.
3:53 of 3rd period - Shot by Brandon Montour.
3:53 of 3rd period - Shot Hit the Post.
3:55 of 3rd period - Shot by Roope Hintz.
3:55 of 3rd period - Shot Misses the Net.
3:57 of 3rd period - Shot by Brandon Montour.
3:57 of 3rd period - Shot Blocked by Nicolas Roy.
3:59 of 3rd period - Shot by Sebastian Aho.
3:59 of 3rd period - Stopped by Spencer Knight with a rebound.
4:17 of 3rd period - Shot by Nate Schmidt.
4:17 of 3rd period - Shot Misses the Net.
4:39 of 3rd period - Shot by Jordan Eberle.
4:39 of 3rd period - Stopped by Spencer Knight with a rebound.
4:41 of 3rd period - Shot by Juuso Valimaki.
4:41 of 3rd period - Stopped by Spencer Knight with a rebound.
4:57 of 3rd period - Anthony Cirelli is hit by Roope Hintz and loses puck.
5:04 of 3rd period - Shot by Sebastian Aho.
5:04 of 3rd period - Shot Blocked by Anthony Cirelli.
5:41 of 3rd period - Shot by Alex Ovechkin.
5:41 of 3rd period - Shot Blocked by Adam Pelech.
5:43 of 3rd period - Shot by Ian Cole.
5:43 of 3rd period - Stopped by Juuse Saros without a rebound.
5:44 of 3rd period - Carl Grundstrom wins face-off versus Keegan Kolesar in Jets zone.
5:44 of 3rd period - Brett Leason is hit by Miro Heiskanen and loses puck.
5:56 of 3rd period - Shot by Joona Koppanen.
5:56 of 3rd period - Shot Blocked by Braden Schneider.
5:58 of 3rd period - Shot by Joona Koppanen.
5:58 of 3rd period - Shot Misses the Net.
6:02 of 3rd period - Shot by Joona Koppanen.
6:02 of 3rd period - Stopped by Spencer Knight without a rebound.
6:03 of 3rd period - Mikael Granlund wins face-off versus Nicolas Roy in Kings zone.
6:03 of 3rd period - Brandon Montour is hit by Ian Cole.
6:04 of 3rd period - Minor Penalty to Travis Sanheim for Tripping.
6:05 of 3rd period - Anthony Cirelli wins face-off versus Evander Kane in Kings zone.
6:56 of 3rd period - Shot by Nate Schmidt.
6:56 of 3rd period - Shot Misses the Net.
7:32 of 3rd period - Shot by Adam Pelech.
7:32 of 3rd period - Stopped by Spencer Knight with a rebound.
7:34 of 3rd period - Shot by Evander Kane.
7:34 of 3rd period - Stopped by Spencer Knight without a rebound.
7:35 of 3rd period - Sebastian Aho wins face-off versus Jordan Staal in Kings zone.
8:10 of 3rd period - Icing by Braden Schneider.
8:11 of 3rd period - Carl Grundstrom wins face-off versus Ivan Barbashev in Kings zone.
8:24 of 3rd period - Shot by Garnet Hathaway.
8:24 of 3rd period - Stopped by Spencer Knight with a rebound.
8:26 of 3rd period - Shot by Adam Pelech.
8:26 of 3rd period - Shot Misses the Net.
8:28 of 3rd period - Shot by Garnet Hathaway.
8:28 of 3rd period - Stopped by Spencer Knight without a rebound.
8:29 of 3rd period - Nathan MacKinnon wins face-off versus Joona Koppanen in Kings zone.
8:46 of 3rd period - Shot by Nathan MacKinnon.
8:46 of 3rd period - Shot Misses the Net.
8:48 of 3rd period - Shot by Travis Sanheim.
8:48 of 3rd period - Shot Blocked by Juuso Valimaki.
9:19 of 3rd period - Off-side.
9:20 of 3rd period - Mikael Granlund wins face-off versus Carl Grundstrom in neutral zone.
9:25 of 3rd period - Icing by John Beecher.
9:26 of 3rd period - Carl Grundstrom wins face-off versus Sebastian Aho in Kings zone.
9:48 of 3rd period - Icing by Dougie Hamilton.
9:49 of 3rd period - Mikael Granlund wins face-off versus Carl Grundstrom in Kings zone.
9:52 of 3rd period - Shot by Jordan Eberle.
9:52 of 3rd period - Shot Misses the Net.
10:01 of 3rd period - Shot by Brett Leason.
10:01 of 3rd period - Stopped by Juuse Saros without a rebound.
10:02 of 3rd period - Alex Ovechkin wins face-off versus Sebastian Aho in Jets zone.
10:10 of 3rd period - Off-side.
10:11 of 3rd period - Mikael Granlund wins face-off versus Nathan MacKinnon in neutral zone.
10:35 of 3rd period - Icing by Arber Xhekaj.
10:36 of 3rd period - Sebastian Aho wins face-off versus Nathan MacKinnon in Kings zone.
11:27 of 3rd period - Minor Penalty to Mitch Marner for Hooking.
11:28 of 3rd period - Anthony Cirelli wins face-off versus Jordan Eberle in Kings zone.
13:13 of 3rd period - Icing by Nate Schmidt.
13:14 of 3rd period - Anthony Cirelli wins face-off versus Evander Kane in Jets zone.
13:17 of 3rd period - Shot by Nicolas Roy.
13:17 of 3rd period - Shot Blocked by Juuso Valimaki.
13:23 of 3rd period - Anthony Cirelli is hit by Evander Kane and loses puck.
13:29 of 3rd period - Icing by Brett Leason.
13:30 of 3rd period - Carl Grundstrom wins face-off versus Ivan Barbashev in Kings zone.
13:32 of 3rd period - Icing by Dougie Hamilton.
13:33 of 3rd period - Carl Grundstrom wins face-off versus Garnet Hathaway in Kings zone.
13:33 of 3rd period - Carl Grundstrom is hit by Garnet Hathaway.
13:42 of 3rd period - Braden Schneider is hit by Garnet Hathaway and loses puck.
13:54 of 3rd period - Carl Grundstrom is hit by Adam Pelech and loses puck.
14:34 of 3rd period - Minor Penalty to Jordan Greenway for Holding.
14:35 of 3rd period - Anthony Cirelli wins face-off versus Keegan Kolesar in Jets zone.
14:48 of 3rd period - Shot by Anthony Cirelli.
14:48 of 3rd period - Shot Misses the Net.
14:50 of 3rd period - Shot by Travis Sanheim.
14:50 of 3rd period - Shot Misses the Net.
15:23 of 3rd period - Minor Penalty to Evander Kane for Tripping.
15:24 of 3rd period - Sebastian Aho wins face-off versus Nathan MacKinnon in Jets zone.
15:42 of 3rd period - Icing by Mitch Marner.
15:43 of 3rd period - Nathan MacKinnon wins face-off versus Sebastian Aho in Kings zone.
17:36 of 3rd period - Shot by Ivan Barbashev.
17:36 of 3rd period - Shot Blocked by Travis Sanheim.
18:30 of 3rd period - Icing by Adam Pelech.
18:31 of 3rd period - Anthony Cirelli wins face-off versus Mikael Granlund in Jets zone.
18:31 of 3rd period - Dougie Hamilton is hit by Brandon Montour and loses puck.
18:35 of 3rd period - Icing by Jordan Greenway.
18:36 of 3rd period - Anthony Cirelli wins face-off versus Mikael Granlund in Jets zone.
18:37 of 3rd period - Shot by Timothy Liljegren.
18:37 of 3rd period - Shot Blocked by Adam Pelech.
19:11 of 3rd period - Shot by Jordan Staal.
19:11 of 3rd period - Stopped by Juuse Saros without a rebound.
19:12 of 3rd period - Ilya Mikheyev wins face-off versus Nathan MacKinnon in Jets zone.
19:24 of 3rd period - Nathan MacKinnon is hit by Tyler Kleven and loses puck.
19:37 of 3rd period - Ilya Mikheyev is hit by Braden Schneider and loses puck.
Goals for this period are 3 for Kings vs 0 for Jets.
Shots for this period are 6 for Kings vs 9 for Jets.